 Dungeon Crawl Stone Soup version 0.25-a0-1133-g93ebf739aa (webtiles) character file.

Game seed: 10349183190245004150, levelgen mode: deterministic

333 Flugslaktarn the Skirmisher (level 6, -2/39 HPs)
             Began as a Gargoyle Fighter on May 20, 2020.
             Splashed by a jelly's acid (9 damage)
             ... on level 5 of the Dungeon.
             The game lasted 00:05:31 (922 turns).

Flugslaktarn the Skirmisher (Gargoyle Fighter)       Turns: 922, Time: 00:05:32

Health: -2/39      AC:  7    Str: 22    XL:     6   Next: 52%
Magic:  6/6        EV:  7    Int:  8    God:
Gold:   136        SH:  9    Dex:  9    Spells: 4/5 levels left

rFire    . . .     SeeInvis .   a - +0 war axe
rCold    . . .     Gourm    .   c - +0 kite shield
rNeg     + . .     Faith    .   b - +0 scale mail
rPois    ∞         Spirit   .   (no helmet)
rElec    +         Reflect  .   (no cloak)
rCorr    .         Harm     .   (no gloves)
MR       .....                  (no boots)
Stlth    ..........             (no amulet)
HPRegen  0.13/turn              (no ring)
MPRegen  0.10/turn              (no ring)

@: corroded
A: negative energy resistance 1, electricity resistance, unbreathing,
petrification resistance, rot immunity, AC +4
a: no special abilities


You were on level 5 of the Dungeon.
You were hungry.

You visited 1 branch of the dungeon, and saw 5 of its levels.

You collected 136 gold pieces.

Inventory:

Hand Weapons
 a - a +0 war axe (weapon)
 i - a +0 hand axe of flaming
   (You found it on level 2 of the Dungeon)
Armour
 b - a +0 scale mail (worn)
 c - a +0 kite shield (worn)
Scrolls
 j - a scroll of amnesia
 r - a scroll of identify
 x - a scroll of remove curse
Potions
 g - 2 potions of flight
 h - a potion of cancellation
Comestibles
 e - 8 rations


   Skills:
 + Level 4.5 Fighting
 * Level 4.1 Axes
 + Level 4.5 Armour
 + Level 4.5 Shields


You had 4 spell levels left.
You knew the following spells:

 Your Spells              Type           Power        Failure   Level  Hunger
a - Apportation           Tloc           #.....       99%         1    ##.....

Your spell library contained the following spells:

 Spells                   Type           Power        Failure   Level  Hunger
 Animate Skeleton         Necr           N/A          99%         1    ##.....
 Corona                   Hex            #......      99%         1    ##.....
 Summon Small Mammal      Summ           #...         99%         1    ##.....


Dungeon Overview and Level Annotations

Branches:
Dungeon (5/15)
 Temple: D:4-7

Altars:
Fedhas
Wu Jian

Shops:
D:4 (


Innate Abilities, Weirdness & Mutations

You are resistant to torment.
Your stone body is resilient. (AC +4)
You are immune to poison.
You resist negative energy. (rN+)
You are resistant to electric shocks. (rElec)
You can survive without breathing.
You are immune to petrification.
You are immune to rotting.


Message History

Found 18 gold pieces.
The orc wizard casts a cantrip, but nothing happens.
The orc wizard hits you with a +0 dagger.
* * * LOW HITPOINT WARNING * * *
You slash the orc wizard!
The orc wizard is heavily wounded.
The orc wizard hits you but does no damage.
The orc wizard barely misses you.
You slash the orc wizard!
You kill the orc wizard!
You hit the jelly.
Your hands burn!
* * * LOW HITPOINT WARNING * * *
The jelly is lightly wounded.
The jelly hits you but does no damage.
You completely miss the jelly.
The jelly is lightly wounded.
You block the jelly's attack. The jelly hits you.
* * * LOW HITPOINT WARNING * * *
The acid corrodes you!
You are splashed with acid!
You die...

#.# #.#
#.# #.#
#.# #.#
#.# #.#
#@# #J#
..#
8..8
.....
#..>...
##8..8#
##..##


You could see a jelly.

Vanquished Creatures
  An ice beast (D:4)
  A bullfrog (D:2)
  An orc wizard (D:5)
  An iguana (D:4)
  5 adders
  3 oozes (D:1)
  4 worms
  2 dart slugs (D:2)
  2 leopard geckos
  An orc (D:4)
  6 giant cockroaches
  5 hobgoblins (D:2)
  7 jackals
  5 quokkas
  A ball python (D:4)
  4 bats
  3 frilled lizards
  A goblin (D:1)
  2 kobolds (D:2)
  A leopard gecko skeleton (D:4)
  7 rats
63 creatures vanquished.

Notes
Turn   | Place    | Note
-------+----------+-------------------------------------------
     0 | D:1      | Flugslaktarn the Gargoyle Fighter began the quest for the
                  | Orb.
     0 | D:1      | Reached XP level 1. HP: 14/14 MP: 1/1
    29 | D:2      | Reached XP level 2. HP: 15/19 MP: 2/2
   127 | D:1      | Found a runed translucent door.
   155 | D:1      | Reached XP level 3. HP: 23/23 MP: 3/3
   276 | D:2      | Noticed a bullfrog
   287 | D:2      | Killed a bullfrog
   287 | D:2      | Reached XP level 4. HP: 15/29 MP: 4/4
   359 | D:2      | Reached XP level 5. HP: 7/33 MP: 5/5
   412 | D:2      | Learned a level 1 spell: Apportation
   550 | D:3      | Found a blossoming altar of Fedhas.
   595 | D:3      | Noticed an ice beast
   730 | D:4      | Found an ornate altar of the Wu Jian Council.
   768 | D:4      | Noticed an ice beast
   780 | D:4      | Killed an ice beast
   780 | D:4      | Reached XP level 6. HP: 8/39 MP: 6/6
   816 | D:4      | Found Cudy's Weapon Shoppe.
   913 | D:5      | Entered Level 5 of the Dungeon
   922 | D:5      | Splashed by a jelly's acid

Illustrated notes

Levels and vault maps discovered:
D:1:      dpeg_arrival_caged_fury, layout_basic
D:2:      cheibrodos_pilgrimage, layout_rooms, corner_web_ring,
          chequers_hall_statues_y, minivault_25, nemelex_lonely_heart_becter
D:3:      layout_basic, fedhas_altar_3
D:4:      layout_layer_cave, old_standard_altar, overflow_temple_1_default,
          bloody_trog, first_ration, portal_sewer_entry_e, serial_shops,
          shop_statue, chei_slow_surprise
D:5:      layout_loops_ring, minmay_temple_entry_wispy, serial_shops,
          nicolae_shop_stone, st_stairs_6, grunt_ministairs_7, uniq_ijyb

Skill      XL: |  1  2  3  4  5  6 |
---------------+-------------------+-----
Axes           | 2 3 4 |  4.1
Fighting       | 4 |  4.5
Shields        | 4 |  4.5
Armour         | 4 |  4.5

Action                   |  1- 3 |  4- 6 || total
-------------------------+-------+-------++-------
Melee: War axe           |    85 |   145 ||   230
  Use: Scroll            |     2 |     6 ||     8
       Potion            |       |     2 ||     2
Armor: Scale mail        |    67 |   101 ||   168
Dodge: Dodged            |    42 |    63 ||   105
Block: Kite shield       |    65 |    94 ||   159

Table legend:
 A = Non-vault XP
 B = Vault XP
 C = Vault XP percentage of total XP
 D = Non-vault monster count
 E = Vault monster count
 F = Vault count percentage of total count
                 A         B        C        D         E       F
            +---------+---------+-------+---------+---------+-------
      Total |     400 |      76 |  16.0 |      49 |      14 |  22.2
            +---------+---------+-------+---------+---------+-------
        D:1 |       4 |      36 |  90.0 |       2 |      13 |  86.7
        D:2 |     139 |       0 |   0.0 |      19 |       0 |   0.0
        D:3 |      28 |       0 |   0.0 |       8 |       0 |   0.0
        D:4 |     216 |       0 |   0.0 |      19 |       0 |   0.0
        D:5 |      13 |      40 |  75.5 |       1 |       1 |  50.0
            +---------+---------+-------+---------+---------+-------
